 Dungeon Crawl Stone Soup version 0.25.1-8-g42b30a86e7 (webtiles) character file.

Game seed: 4103984282804917128

400 DildoBatman the Conjurer (level 7, -3/48 HPs)
             Began as a Formicid Wizard on Dec 12, 2020.
             Slain by a centaur
             ... wielding a +0 quarterstaff
              (11 damage)
             ... on level 7 of the Dungeon.
             The game lasted 00:12:45 (4373 turns).

DildoBatman the Conjurer (Formicid Wizard)          Turns: 4373, Time: 00:12:45

Health: -3/48      AC:  3    Str: 11    XL:     7   Next: 10%
Magic:  12/21      EV: 12    Int: 20    God:
Gold:   217        SH:  4    Dex:  9    Spells: 2/12 levels left

rFire    + . .     SeeInvis +   a - +0 hunting sling
rCold    x . .     Gourm    .   f - +0 buckler
rNeg     . . .     Faith    .   k - +0 robe
rPois    .         Spirit   .   (helmet unavailable)
rElec    .         Reflect  .   (no cloak)
rCorr    .         Harm     .   (no gloves)
MR       .....                  w - +0 pair of boots
Stlth    ++........             (no amulet)
HPRegen  0.16/turn              n - ring of magical power
MPRegen  0.17/turn              s - ring of fire

@: no status effects
A: permanent stasis, dig shafts and tunnels, four strong arms, antennae 3
a: Dig, Shaft Self


You were on level 7 of the Dungeon.
You were very hungry.

You visited 1 branch of the dungeon, and saw 5 of its levels.

You collected 217 gold pieces.

Inventory:

Hand Weapons
 a - a +0 hunting sling (weapon)
 b - a +0 dagger
 r - a -1 dagger
Missiles
 h - 197 stones (quivered)
 m - 17 bolts
 t - 42 sling bullets
 y - 12 arrows
 C - 11 poisoned darts
Armour
 f - a +0 buckler (worn)
 k - a +0 robe (worn)
 w - a +0 pair of boots (worn)
 D - a +2 scale mail of poison resistance
Jewellery
 n - a ring of magical power (left hand)
 s - a ring of fire (right hand)
Wands
 p - a wand of random effects (26)
 z - a wand of enslavement (8)
Scrolls
 c - a scroll of immolation
 e - 3 scrolls of amnesia
 i - a scroll of enchant armour
 q - 2 scrolls of fear
 u - a scroll of fog
 B - a scroll of magic mapping {unknown}
Potions
 d - 2 potions of stabbing {unknown}
 g - a potion of might {unknown}
 j - a potion of lignification {unknown}
 l - 3 potions of curing
 o - a potion of ambrosia {unknown}
 A - a potion of magic {unknown}
 E - a potion of cancellation {unknown}
Comestibles
 v - 7 rations


   Skills:
 * Level 1.0 Fighting
 * Level 0.8 Armour
 * Level 2.0 Dodging
 - Level 2.4 Stealth
 * Level 2.9 Shields
 * Level 3.4 Spellcasting
 * Level 4.6 Conjurations
   Level 1.0 Summonings
 * Level 0.5 Necromancy
   Level 0.8 Translocations
 * Level 1.0 Fire Magic
 * Level 0.8 Air Magic
 * Level 1.4 Poison Magic


You had 2 spell levels left.
You knew the following spells:

 Your Spells              Type           Power        Failure   Level  Hunger
a - Conjure Flame         Conj/Fire      ###.....     13%         3    ###....
b - Vampiric Draining     Necr           #.........   32%         3    ###....
c - Magic Dart            Conj           ###.         1%          1    None
e - Mephitic Cloud        Conj/Pois/Air  ##......     16%         3    ###....

Your spell library contained the following spells:

 Spells                   Type           Power        Failure   Level  Hunger
 Animate Skeleton         Necr           N/A          11%         1    None
 Pain                     Necr           #...         11%         1    None
 Call Imp                 Summ           #.......     14%         2    ##.....
 Slow                     Hex            #.......     21%         2    ##.....
 Animate Dead             Necr           N/A          73%         4    ####...
 Agony                    Necr           #.......     97%         5    ######.
 Blink                    Tloc           Unusable     N/A         2    N/A

Dungeon Overview and Level Annotations

Branches:
Dungeon (7/15)
 Temple: D:4-7

Altars:

Annotations:
D:1 Terence
D:2 1 exclusion
D:3 exclusions: orc and sensed monster (detected)
D:4 exclusions: centaur, gnoll and sensed monster (detected)
D:7 exclusions: bullfrog and sensed monster (detected)


Innate Abilities, Weirdness & Mutations

You cannot be hasted, slowed, berserked, paralysed or teleported.
You can dig through walls and to a lower floor.
Your four strong arms can wield two-handed weapons with a shield.
You have a pair of large antennae on your head. (SInv)


Message History

Press: ? - help, Shift-Dir - straight line, f/p - centaur
Aim: a centaur, wielding a +0 quarterstaff and quivering 5 arrows (noxious fumes, heavily wounded, confused)
You shoot a stone. The stone barely misses the centaur.
The centaur is engulfed in noxious fumes.
The centaur appears confused.
The centaur says, "I'm a little confused."
The centaur hits you with a +0 quarterstaff!
The centaur is engulfed in noxious fumes.
The centaur hits you with a +0 quarterstaff.
Firing (i - inventory. (/) - cycle)
h - 198 stones (quivered)
Press: ? - help, Shift-Dir - straight line, f/p - centaur
Aim: a centaur, wielding a +0 quarterstaff and quivering 5 arrows (noxious fumes, heavily wounded, confused)
You shoot a stone. The stone hits the centaur.
The centaur is severely wounded.
The centaur is engulfed in noxious fumes.
The centaur appears confused.
The centaur hits you with a +0 quarterstaff!
You die...

..................##..
....?...##...F..(.##..
...c....##........##..
........#####c(..###..
......##†...#....# #..
##### #####{##### #..
##(## #.. ###
##.#..........
#@###(##...5......
##c#(## ....... ##°##
...%... ### ..../..
....... .......


You could see a centaur (confused).

Vanquished Creatures
  A bullfrog (D:7)
  A scorpion (D:7)
  2 hounds
  An orc wizard (D:2)
  An iguana (D:7)
  A worker ant (D:7)
  3 gnolls (D:3)
  4 adders
  A shadow imp (D:7)
  An ooze (D:3)
  3 worms
  2 leopard geckos
  2 orcs (D:2)
  A ball python (D:1)
  9 bats
  4 giant cockroaches
  4 hobgoblins
  6 kobolds
  3 quokkas
  8 frilled lizards
  10 goblins
  A quokka zombie (D:7)
  5 rats
74 creatures vanquished.

Notes
Turn   | Place    | Note
-------+----------+-------------------------------------------
     0 | D:1      | DildoBatman the Formicid Wizard began the quest for the
                  | Orb.
     0 | D:1      | Reached XP level 1. HP: 13/13 MP: 4/4
    29 | D:1      | Reached skill level 1 in Conjurations
   367 | D:1      | Reached XP level 2. HP: 19/19 MP: 4/6
   453 | D:1      | Reached skill level 2 in Conjurations
   823 | D:1      | Reached XP level 3. HP: 24/24 MP: 4/7
  1177 | D:2      | HP: 1/24 [worm (12)]
  1250 | D:2      | HP: 1/24 [quokka (3)]
  1650 | D:2      | Noticed Terence
  1703 | D:1      | Learned a level 3 spell: Conjure Flame
  1707 | D:1      | Learned a level 3 spell: Mephitic Cloud
  1767 | D:1      | HP: 1/24 [Terence/+1 flail of protection (7)]
  1943 | D:2      | Reached skill level 3 in Conjurations
  2034 | D:2      | Reached XP level 4. HP: 21/30 MP: 0/8
  2869 | D:3      | Reached skill level 4 in Conjurations
  2869 | D:3      | Reached XP level 5. HP: 35/35 MP: 9/9
  2877 | D:3      | Reached skill level 1 in Shields
  3611 | D:4      | Noticed a centaur
  3742 | D:4      | Reached XP level 6. HP: 33/41 MP: 9/10
  3765 | D:4      | You fall into a shaft and drop 3 floors!
  3884 | D:7      | Reached skill level 1 in Poison Magic
  3933 | D:7      | Learned a level 3 spell: Vampiric Draining
  4348 | D:7      | Reached skill level 1 in Fighting
  4348 | D:7      | Reached skill level 1 in Fire Magic
  4348 | D:7      | Reached XP level 7. HP: 41/48 MP: 10/12
  4373 | D:7      | Slain by a centaur

Illustrated notes

Levels and vault maps discovered:
D:1:      wander_arrival_chamber, layout_loops_ring, hex_large
D:2:      layout_basic, uniq_terence
D:3:      layout_basic, kennysheep_generic_room_12
D:4:      layout_basic, minmay_temple_entry_enclosed_plants,
          nicolae_gozag_cash_rules_everything_around_me
D:7:      layout_basic

Skill      XL: |  1  2  3  4  5  6 |
---------------+-------------------+-----
Conjurations   | 1 2 3 4 |  4.6
Shields        | 2 |  2.9
Poison Magic   | 1 |  1.4
Fighting       | 1 |  1.0
Dodging        | 2 |  2.0
Fire Magic     | 1 |  1.0
Armour         | |  0.8
Stealth        | |  2.4
Spellcasting   | |  3.4
Summonings     | |  1.0
Necromancy     | |  0.5
Translocations | |  0.8
Air Magic      | |  0.8

Action                   |  1- 3 |  4- 6 |  7- 9 || total
-------------------------+-------+-------+-------++-------
Melee: Unarmed           |    10 |       |       ||    10
       Dagger            |    30 |       |       ||    30
 Fire: Hunting sling     |       |    74 |     4 ||    78
Throw: Stone             |     3 |       |       ||     3
 Cast: Magic Dart        |    92 |   126 |       ||   218
       Mephitic Cloud    |     4 |     7 |     1 ||    12
       Conjure Flame     |       |     1 |       ||     1
 Abil: Dig               |     3 |     6 |     2 ||    11
  Use: Scroll            |       |     9 |       ||     9
 Stab: Sleeping          |     1 |       |       ||     1
       Confused          |     2 |       |       ||     2
  Eat: Chunk             |     3 |     9 |       ||    12
Armor: Robe              |    11 |    10 |       ||    21
Dodge: Dodged            |    30 |    54 |       ||    84
Block: Buckler           |       |    10 |       ||    10
